 Dungeon Crawl Stone Soup version 0.30-a0-605-gb2882149bf (webtiles) character file.

Game seed: 4675398675610297237

811 rogsnak the Conjurer (level 7, -6/57 HPs)
             Began as a Naga Air Elementalist on Jan 8, 2023.
             Was a Believer of Sif Muna.
             Mangled by a hornet (11 damage)
             ... on level 5 of the Dungeon.
             The game lasted 00:12:20 (4310 turns).

rogsnak the Conjurer (Naga Air Elementalist)        Turns: 4310, Time: 00:12:20

Health: -6/57      AC:  9    Str: 20    XL:     7   Next: 93%
Magic:  9/13       EV:  8    Int: 15    God:    Sif Muna [**....]
Gold:   161        SH:  0    Dex: 10    Spells: 6/14 levels left

rFire   . . .      SeeInvis +    w - +1 mace (protect)
rCold   . . .      Faith    .    (no shield)
rNeg    . . .      Spirit   .    a - +0 robe
rPois   +          Reflect  .    (no helmet)
rElec   .          Harm     .    (no cloak)
rCorr   .          Rampage  .    C - +1 pair of gloves
Will    .....                    d - +0 barding
Stlth   ++                       (no amulet)
HPRegen 0.29/turn                r - +6 ring of strength
MPRegen 0.13/turn                (no ring)

@: very slightly contaminated, very slow
A: AC +2, large, see invisible, deformed body, poison resistance, slowness 2,
spit poison 1, naga tail 1, dopey 1, strong 1
a: Spit Poison, Renounce Religion, Channel Magic


You were on level 5 of the Dungeon.
You worshipped Sif Muna.
Sif Muna was pleased with you.
You visited 1 branch of the dungeon, and saw 5 of its levels.

You collected 161 gold pieces.

Inventory:

Hand Weapons
 e - a +0 dagger
 p - the +5 whip of Death {flame, Contam rCorr Dex+4}
   (You found it on level 2 of the Dungeon)

   Dex:       It affects your dexterity (+4).
   Contam:    It causes magical contamination when unequipped.
   rCorr:     It protects you from acid and corrosion.
 t - a +0 flail
 w - a +1 mace of protection (weapon)
Missiles
 k - 47 stones
 s - 3 throwing nets
Armour
 a - a +0 robe (worn)
 d - a +0 barding (worn)
 o - a +0 kite shield of reflection
 C - a +1 pair of gloves (worn)
Jewellery
 r - a +6 ring of strength (left hand)
Wands
 D - a wand of polymorph (8)
Scrolls
 c - 2 scrolls of poison {unknown}
 h - a scroll of fear {unknown}
 i - 5 scrolls of identify {unknown}
 m - 2 scrolls of enchant weapon {unknown}
 n - 2 scrolls of enchant armour {unknown}
 v - 2 scrolls of amnesia {unknown}
 x - a scroll of blinking {unknown}
 y - a scroll of immolation {unknown}
 A - 2 scrolls of fog {unknown}
 E - a scroll of teleportation {unknown}
 F - a scroll of noise {unknown}
Potions
 b - a potion of magic
 f - a potion of haste {unknown}
 g - 2 potions of lignification {unknown}
 j - a potion of cancellation {unknown}
 l - a potion of brilliance {unknown}
 q - 3 potions of mutation
 u - 2 potions of curing {unknown}
 z - a potion of heal wounds {unknown}
 B - a potion of attraction {unknown}


   Skills:
 + Level 1.0 Fighting
 + Level 2.1 Dodging
 - Level 3.0 Stealth
 + Level 4.4 Spellcasting
 * Level 5.5 Conjurations
 + Level 5.1 Air Magic


You had 6 spell levels left.
You knew the following spells:

 Your Spells              Type           Power      Damage    Failure   Level
a - Shock                 Conj/Air       76%        1d7       1%          1
b - Swiftness             Air            18%        N/A       6%          3
c - Airstrike             Air            9%         2d(2-18)  21%         4

Your spell library contained the following spells:

 Spells                   Type           Power      Damage    Failure   Level
 Static Discharge         Conj/Air       38%        2-4/arc   3%          2
 Ozocubu's Armour         Ice            3%         N/A       45%         3
 Ozocubu's Refrigeration  Ice            1%         4d7       100%        7


Dungeon Overview and Level Annotations

Branches:
Dungeon (5/15)
 Temple: D:4-7

Altars:
Elyvilon
Sif Muna


Innate Abilities, Weirdness & Mutations

Your serpentine skin is tough. (AC +2)
You have supernaturally acute eyesight. (SInv)
Armour fits poorly on your strangely shaped body.
Your system is resistant to poisons. (rPois)
You cover ground very slowly.
You can spit poison.
You have a snake-like lower body.
You are dopey. (Int -2)
Your muscles are strong. (Str +4, Int/Dex -1)


Message History

Unknown command.
Casting: Shock (safe; 1% risk of failure)
Confirm with . or Enter, or press ? or * to list all spells.
Aiming: Shock (safe; 1% risk of failure)
Press: ? - help, Shift-Dir - straight line, f - hornet, p - orc
Aim: a hornet (lightly wounded, poisoned, 60% to hit)
Okay, then.
Okay, then.
Okay, then.
It was a potion of mutation.
You feel extremely strange.
You feel stronger.
You feel stupid.
You feel yourself speed up. The hornet closely misses you.
The hornet stings you.
* * * LOW HITPOINT WARNING * * *
An orc comes into view. It is wielding a +0 dagger.
Aiming: Polymorph
Press: ? - help, Shift-Dir - straight line, f - hornet, p - orc
Aim: a hornet (lightly wounded, poisoned, will become a sky beast, a wyvern, or a harpy, chance to affect: 39%)
Okay, then.
Casting: Shock (safe; 1% risk of failure)
Confirm with . or Enter, or press ? or * to list all spells.
The spell is quite dangerous to miscast (21% risk of failure)!
Continue anyway?
Aiming: Airstrike (quite dangerous; 21% risk of failure)
Press: ? - help, Dir - move target, f - hornet, p - orc
Aim: a hornet (lightly wounded, poisoned, empty space bonus: 3/8)
Okay, then.
Casting: Airstrike (quite dangerous; 21% risk of failure)
Confirm with . or Enter, or press ? or * to list all spells.
The spell is quite dangerous to miscast (21% risk of failure)!
Continue anyway?
Aiming: Airstrike (quite dangerous; 21% risk of failure)
Press: ? - help, Dir - move target, f - hornet, p - orc
Aim: a hornet (lightly wounded, poisoned, empty space bonus: 3/8)
You miscast Airstrike.
You are very lightly contaminated with residual magic.
Nothing appears to happen.
The orc shouts!
You have got your breath back.
You hear a shout!
The hornet stings you!
You die...

## ....^. ###.#.# ###
# #.#.... #.#?# ##.##
#.###.###.#.#o###
.....
..........yo.....
#.#.###.. #...#@###
.....#.# #.......#
####...#.###..<#.#.#
.......#.......#.#...
#........#.#.#.# #.#
#.#..†.......#.# .#
#....#..####.# .
##.##.#.......# #
#...#.#...####..


You could see a hornet (poisoned) and 2 orcs.

Vanquished Creatures
  Grinder (D:3)
  A black bear (D:5)
  A phantom (D:4)
  3 hounds
  A gnoll bouda (D:4)
  3 orc priests
  2 orc wizards
  7 gnolls
  3 adders
  A worm (D:4)
  2 dart slugs (D:2)
  18 orcs
  4 ball pythons
  5 endoplasms
  4 giant cockroaches
  7 goblins
  7 hobgoblins
  3 kobolds
  3 quokkas
  5 bats
  6 frilled lizards
  5 rats
92 creatures vanquished.

Vanquished Creatures (others)
  3 plants (D:2)
3 creatures vanquished.

Grand Total: 95 creatures vanquished

Notes
Turn   | Place    | Note
-------+----------+-------------------------------------------
     0 | D:1      | rogsnak the Naga Air Elementalist began the quest for the
                  | Orb.
     0 | D:1      | Reached XP level 1. HP: 15/15 MP: 3/3
   249 | D:1      | Reached XP level 2. HP: 22/22 MP: 1/5
  1139 | D:2      | Identified the +5 whip of Death {flame, Contam rCorr Dex+4}
  1215 | D:2      | Reached XP level 3. HP: 28/28 MP: 1/6
  1422 | D:2      | Reached XP level 4. HP: 31/36 MP: 2/8
  1503 | D:2      | Found a shimmering blue altar of Sif Muna.
  1513 | D:2      | Became a worshipper of Sif Muna the Loreminder
  2338 | D:3      | Reached XP level 5. HP: 40/43 MP: 4/9
  2348 | D:3      | Learned a level 3 spell: Swiftness
  2353 | D:3      | Learned a level 4 spell: Airstrike
  2491 | D:3      | Noticed Grinder
  2524 | D:3      | Reached * piety under Sif Muna
  2658 | D:3      | Killed Grinder
  2659 | D:3      | Reached XP level 6. HP: 32/50 MP: 3/11
  2907 | D:2      | Found a faded altar of an unknown god.
  2922 | D:2      | Found a faded altar of an unknown god.
  3353 | D:4      | Reached XP level 7. HP: 53/56 MP: 5/12
  3584 | D:4      | Found a white marble altar of Elyvilon.
  3733 | D:4      | Reached ** piety under Sif Muna
  3734 | D:4      | Reached skill level 5 in Conjurations
  3875 | D:4      | Reached skill level 1 in Fighting
  3875 | D:4      | Reached skill level 5 in Air Magic
  4231 | D:5      | Entered Level 5 of the Dungeon
  4306 | D:5      | Noticed a hornet
  4309 | D:5      | Gained mutation: Your muscles are strong. (Str +4, Int/Dex
                  | -1) [potion of mutation]
  4309 | D:5      | Gained mutation: You are dopey. (Int -2) [potion of
                  | mutation]
  4310 | D:5      | Mangled by a hornet

Illustrated notes

Levels and vault maps discovered:
D:1:      tarquinn_simple_flora_water_e, layout_basic,
          minmay_misc_feat_more_columns
D:2:      layout_basic, hellmonk_ecumenical_altar_the_god_not_taken,
          basic_altar, minmay_misc_feat_rugged, serial_bayou_pond_b
D:3:      layout_loops_corners, grunt_decor_junction, hangedman_feature_mirror,
          nicolae_kite_square_tiling_tiny, uniq_grinder
D:4:      layout_loops_ring, elyvilon_altar_5
D:5:      layout_basic, nicolae_sif_muna_little_library, minmay_misc_feat_roman,
          uniq_blork_the_orc

Skill      XL: |  1  2  3  4  5  6  7 |
---------------+----------------------+-----
Conjurations   | 2 3 4 5 |  5.5
Spellcasting   | 3 4 |  4.4
Air Magic      | 4 5 |  5.1
Dodging        | 2 |  2.1
Fighting       | 1 |  1.0
Stealth        | |  3.0

Action                   |  1- 3 |  4- 6 |  7- 9 || total
-------------------------+-------+-------+-------++-------
Melee: Dagger            |    11 |       |       ||    11
       Mace              |       |    27 |     7 ||    34
       Flail             |       |     7 |       ||     7
 Cast: Shock             |    51 |    92 |    59 ||   202
       Swiftness         |       |       |     1 ||     1
 Abil: Spit Poison       |     8 |     6 |     3 ||    17
  Use: Potion            |       |       |     1 ||     1
 Stab: Sleeping          |       |       |     1 ||     1
Armor: Robe              |    13 |    24 |     6 ||    43
Dodge: Dodged            |     9 |    31 |    10 ||    50

Table legend: (Time is in decaauts)
 A = Elapsed time spent in this place.
 B = Non-inter-level travel time spent in this place.
 C = Inter-level travel time spent in this place.
 D = Time resting spent in this place.
 E = Time spent auto-exploring this place.
 F = Levels seen in this place.
 G = Mean time per level.
                   A        B        C        D        E       F      G
               +--------+--------+--------+--------+--------+-----+--------+
         Total |   5395 |   5200 |    195 |    478 |   2815 |   5 | 1079.0 |
       Dungeon |   5395 |   5200 |    195 |    478 |   2815 |   5 | 1079.0 |
               +--------+--------+--------+--------+--------+-----+--------+

Top non-repeatable levels by time:
     D:1: 1408 daAuts
     D:3: 1386 daAuts
     D:4: 1290 daAuts
     D:2: 1215 daAuts
     D:5: 95 daAuts
